 Dungeon Crawl Stone Soup version 0.29.0-4-gdea44cf6ec (webtiles) character file.

Game seed: 10805633040563634162

154 qw the Chopper (level 5, 0/30 HPs)
             Began as a Tengu Warper on Aug 28, 2022.
             Slain by Pikel
             ... wielding a +2 whip of freezing
              (9 damage)
             ... on level 4 of the Dungeon.
             The game lasted 00:00:23 (3454 turns).

qw the Chopper (Tengu Warper)                       Turns: 3454, Time: 00:00:23

Health: 0/30       AC:  8    Str: 14    XL:     5   Next: 36%
Magic:  9/9        EV:  7    Int: 13    God:
Gold:   181        SH:  5    Dex: 13    Spells: 8/8 levels left

rFire   . . .      SeeInvis .   Y - +3 hand axe
rCold   . . .      Faith    .   (no shield)
rNeg    . . .      Spirit   .   j - +0 chain mail
rPois   .          Reflect  +   (helmet restricted)
rElec   .          Harm     .   (no cloak)
rCorr   .          Rampage  .   (no gloves)
Will    .....                   (boots unavailable)
Stlth   ..........              c - amulet of reflection
HPRegen 0.10/turn               (no ring)
MPRegen 0.11/turn               (no ring)

@: flying quickly and evasively, quick
A: beak, talons 3, nimble flight
a: no special abilities


You were on level 4 of the Dungeon.
You visited 1 branch of the dungeon, and saw 4 of its levels.

You collected 181 gold pieces.


Innate Abilities, Weirdness & Mutations

You have a beak for a mouth.
You have claws for feet.
Your magical nature lets you fly swiftly and evasively.


   Skills:
 - Level 2.0 Fighting
 + Level 5.9 Axes
 - Level 1.0 Throwing
 - Level 1.1 Armour
 - Level 2.1 Dodging
 - Level 2.0 Spellcasting
 - Level 2.4 Translocations


You had 8 spell levels left.
You didn't know any spells.
Your spell library contained the following spells:

 Spells                   Type           Power      Damage    Failure   Level
 Blink                    Tloc           14%        N/A       99%         2
 Gell's Gravitas          Tloc           7%         N/A       100%        3
 Lesser Beckoning         Tloc           7%         N/A       100%        3
 Teleport Other           Tloc           7%         N/A       100%        3
 Manifold Assault         Tloc           7%         N/A       100%        5

Inventory:

Hand Weapons
 a - a +0 whip
 Y - a +3 hand axe (weapon)
Armour
 j - a +0 chain mail (worn)
Jewellery
 c - an amulet of reflection (around neck)
Scrolls
 b - a scroll of immolation {unknown}
 f - a scroll of silence {unknown}
 h - 3 scrolls of identify
Potions
 d - a potion of heal wounds
 e - a potion of curing
 g - 4 potions of might

Dungeon Overview and Level Annotations

Branches:
Dungeon (4/15)
 Temple: D:4-7

Altars:
Elyvilon
Sif Muna
The Shining One

Annotations:
D:4 Pikel


Message History

A lemure comes into view.
You miss the lemure. You claw the lemure, but do no damage.
The lemure is heavily wounded.
The lemure barely misses you.
You hit the lemure but do no damage. Your kick misses the lemure.
You peck the lemure.
The lemure is heavily wounded.
Pikel says, "I just want to get paid!"
The lemure closely misses you.
You barely miss the lemure. Your kick misses the lemure.
Your peck misses the lemure.
The lemure is heavily wounded.
The lemure hits you.
You hit the lemure. Your peck misses the lemure.
The lemure is severely wounded.
You hit Pikel. You claw Pikel. Your peck misses Pikel.
Pikel is lightly wounded.
You barely miss Pikel. Your kick misses Pikel.
Pikel is lightly wounded.
Pikel hits you with a +2 whip of freezing.
Pikel freezes you.
You hit Pikel. Your peck misses Pikel.
Pikel is lightly wounded.
Pikel hits you with a +2 whip of freezing.
Pikel freezes you.
You closely miss Pikel. Your kick misses Pikel.
Pikel is lightly wounded.
Pikel hits you with a +2 whip of freezing.
Pikel freezes you.
You hit Pikel but do no damage. Your peck misses Pikel.
Pikel is lightly wounded.
Pikel hits you with a +2 whip of freezing.
Pikel freezes you.
You barely miss Pikel. Your peck misses Pikel.
Pikel is lightly wounded.
You block Pikel's attack.
You closely miss Pikel. Your kick misses Pikel.
Pikel is lightly wounded.
Pikel hits you with a +2 whip of freezing!
You die...

# #..#..####.#
#.#.....)....#
#.......######
#.##.#.##
#......#
####.### #.#
#.# #@# #K#
#5#


555 ... ..... ..... ###.#.# You could see Pikel and 4 lemures.

Vanquished Creatures
  A howler monkey (D:4)
  3 adders
  2 worms
  3 dart slugs
  4 endoplasms
  5 giant cockroaches
  8 hobgoblins
  11 kobolds
  A quokka (D:1)
  9 ball pythons
  7 bats
  11 frilled lizards
  9 goblins
  4 rats
78 creatures vanquished.

Notes
Turn   | Place    | Note
-------+----------+-------------------------------------------
     0 | D:1      | qw the Tengu Warper began the quest for the Orb.
     0 | D:1      | Reached XP level 1. HP: 12/12 MP: 4/4
     0 | D:1      | 0 ||| qw: Version: 0.1-a-89-g26bdef1
     0 | D:1      | 0 ||| qw: Game counter: 2776
     0 | D:1      | 0 ||| qw: Always use a shield: true
     0 | D:1      | 0 ||| qw: God list: Okawaru
     0 | D:1      | 0 ||| qw: Allow faded altars: false
     0 | D:1      | 0 ||| qw: Do Orc after D:15 true
     0 | D:1      | 0 ||| qw: Do second Lair branch before Depths: true
     0 | D:1      | 0 ||| qw: Lair rune preference: random
     0 | D:1      | 0 ||| qw: Plans: Normal
     0 | D:1      | 0 ||| PLANNING D:1-11
    29 | D:1      | 29 ||| Stepping ~*~*~tactically~*~*~ (stealth).
    30 | D:1      | 30 ||| Stepping ~*~*~tactically~*~*~ (stealth).
   156 | D:1      | Reached XP level 2. HP: 17/17 MP: 6/6
   162 | D:1      | 162 ||| Stepping ~*~*~tactically~*~*~ (hiding).
   173 | D:1      | Reached skill level 3 in Axes
   229 | D:1      | 229 ||| Stepping ~*~*~tactically~*~*~ (stealth).
   232 | D:1      | 232 ||| Stepping ~*~*~tactically~*~*~ (stealth).
   241 | D:1      | 241 ||| Stepping ~*~*~tactically~*~*~ (stealth).
   248 | D:1      | 248 ||| Stepping ~*~*~tactically~*~*~ (stealth).
   316 | D:1      | 316 ||| Stepping ~*~*~tactically~*~*~ (hiding).
   428 | D:1      | 428 ||| Stepping ~*~*~tactically~*~*~ (stealth).
   474 | D:1      | 474 ||| Stepping ~*~*~tactically~*~*~ (stealth).
   504 | D:1      | 504 ||| Stepping ~*~*~tactically~*~*~ (stealth).
   505 | D:1      | 505 ||| Stepping ~*~*~tactically~*~*~ (stealth).
   509 | D:1      | Reached XP level 3. HP: 21/21 MP: 7/7
   509 | D:1      | 509 ||| Stepping ~*~*~tactically~*~*~ (stealth).
   528 | D:1      | 528 ||| Stepping ~*~*~tactically~*~*~ (stealth).
   538 | D:1      | 538 ||| Stepping ~*~*~tactically~*~*~ (stealth).
   539 | D:1      | 539 ||| Stepping ~*~*~tactically~*~*~ (stealth).
   540 | D:1      | 540 ||| Stepping ~*~*~tactically~*~*~ (stealth).
   625 | D:1      | Found a faded altar of an unknown god.
   725 | D:1      | 725 ||| Stepping ~*~*~tactically~*~*~ (stealth).
   732 | D:1      | Reached skill level 4 in Axes
   804 | D:1      | 804 ||| Stepping ~*~*~tactically~*~*~ (stealth).
   805 | D:1      | 805 ||| Stepping ~*~*~tactically~*~*~ (stealth).
   808 | D:1      | 808 ||| Stepping ~*~*~tactically~*~*~ (stealth).
   810 | D:1      | 810 ||| Stepping ~*~*~tactically~*~*~ (stealth).
   812 | D:1      | 812 ||| Stepping ~*~*~tactically~*~*~ (stealth).
   813 | D:1      | 813 ||| Stepping ~*~*~tactically~*~*~ (stealth).
   814 | D:1      | 814 ||| Stepping ~*~*~tactically~*~*~ (stealth).
   815 | D:1      | 815 ||| Stepping ~*~*~tactically~*~*~ (stealth).
   816 | D:1      | 816 ||| Stepping ~*~*~tactically~*~*~ (stealth).
   877 | D:1      | 877 ||| Stepping ~*~*~tactically~*~*~ (stealth).
   966 | D:1      | 966 ||| Stepping ~*~*~tactically~*~*~ (stealth).
   967 | D:1      | 967 ||| Stepping ~*~*~tactically~*~*~ (stealth).
  1281 | D:1      | 1281 ||| READING scroll labelled UMOVAOFICK.
  1282 | D:1      | 1282 ||| READING 3 scrolls labelled DIL SIESSIEBB.
  1283 | D:1      | 1283 ||| READING 2 scrolls of enchant weapon.
  1283 | D:1      | 1283 ||| ENCHANTING +1 hand axe.
  1284 | D:1      | 1284 ||| READING scroll of enchant weapon.
  1284 | D:1      | 1284 ||| ENCHANTING +2 hand axe.
  1285 | D:1      | 1285 ||| READING 3 scrolls labelled ZYUHUV GAXO.
  1286 | D:1      | 1286 ||| READING scroll labelled LONNOKK VACA.
  1289 | D:1      | 1289 ||| READING 2 scrolls of identify.
  1289 | D:1      | 1289 ||| IDENTIFYING sedimented emerald potion
  1290 | D:1      | 1290 ||| DROPPING scroll of blinking.
  1291 | D:1      | 1291 ||| DROPPING potion of degeneration.
  1394 | D:2      | 1394 ||| DROPPING +0 club.
  1404 | D:2      | 1404 ||| Stepping ~*~*~tactically~*~*~ (stealth).
  1405 | D:2      | 1405 ||| Stepping ~*~*~tactically~*~*~ (stealth).
  1419 | D:2      | 1419 ||| Stepping ~*~*~tactically~*~*~ (stealth).
  1434 | D:2      | 1434 ||| Stepping ~*~*~tactically~*~*~ (stealth).
  1461 | D:2      | 1461 ||| Stepping ~*~*~tactically~*~*~ (stealth).
  1477 | D:2      | 1477 ||| Stepping ~*~*~tactically~*~*~ (stealth).
  1586 | D:2      | Reached XP level 4. HP: 26/26 MP: 8/8
  1719 | D:2      | Reached skill level 5 in Axes
  2170 | D:2      | 2170 ||| DROPPING scarf of invisibility.
  2171 | D:2      | 2171 ||| UPGRADING to amulet of reflection.
  2176 | D:2      | 2176 ||| READING scroll labelled RYF QUP JYRATE.
  2177 | D:2      | 2177 ||| DRINKING 2 glowing black potions.
  2178 | D:2      | 2178 ||| DRINKING 2 glowing coppery potions.
  2286 | D:3      | Found a shimmering blue altar of Sif Muna.
  2476 | D:3      | Found a white marble altar of Elyvilon.
  2479 | D:3      | Found a glowing golden altar of the Shining One.
  2705 | D:3      | 2705 ||| Stepping ~*~*~tactically~*~*~ (stealth).
  2707 | D:3      | 2707 ||| Stepping ~*~*~tactically~*~*~ (stealth).
  2878 | D:3      | 2878 ||| UPGRADING to +0 chain mail.
  2888 | D:3      | 2888 ||| DROPPING +0 leather armour.
  2889 | D:3      | 2889 ||| READING scroll labelled IKA DILO IFE.
  3038 | D:3      | 3038 ||| READING scroll labelled BAIP BEIJESH.
  3039 | D:3      | 3039 ||| READING scroll labelled MAOFANN RUECISEMIM.
  3040 | D:3      | 3040 ||| READING scroll labelled HARUCU XEYP.
  3041 | D:3      | 3041 ||| DRINKING 2 fuming ruby potions.
  3042 | D:3      | 3042 ||| READING 4 scrolls of identify.
  3042 | D:3      | 3042 ||| IDENTIFYING sapphire potion
  3043 | D:3      | 3043 ||| DROPPING potion of attraction.
  3044 | D:3      | 3044 ||| Stepping randomly (stuck).
  3045 | D:3      | 3045 ||| Stepping ~*~*~tactically~*~*~ (cloud).
  3052 | D:3      | HP: 6/26 [poisoned by you (poison gas)]
  3420 | D:4      | Gained mutation: Your magical nature lets you fly swiftly
                  | and evasively. [Tengu growth]
  3420 | D:4      | Reached XP level 5. HP: 30/30 MP: 9/9
  3436 | D:4      | Noticed a lemure
  3437 | D:4      | Noticed a lemure
  3439 | D:4      | Noticed a lemure
  3441 | D:4      | Noticed Pikel
  3443 | D:4      | Noticed a lemure
  3454 | D:4      | Slain by Pikel

Levels and vault maps discovered:
D:1:      dpeg_arrival_leaves_temple_mockup, layout_loops_ring,
          nicolae_ecumenical_snake_handling, minivault_24,
          roderic_st_hans_cross, minmay_misc_feat_enclosed,
          chequers_serial_rivers_large_a, minmay_fountain_box,
          minmay_lizard_pond
D:2:      layout_loops_ring, serial_aquarium, aquarium_bridge_island_small
          [aquarium_subvault_small_open, aquarium_subvault_window,
          aquarium_subvault_bridge, aquarium_subvault_wall,
          aquarium_subvault_balcony], aquarium_bridge_square
          [aquarium_subvault_wall, aquarium_subvault_window,
          aquarium_subvault_bridge, aquarium_subvault_wall],
          aquarium_window_corner, aquarium_window_1, aquarium_view_2c,
          aquarium_view_2e, aquarium_balcony_1a, aquarium_pool_corner
D:3:      layout_basic, minitemple, grunt_ministairs_3
D:4:      layout_loops_corners, mainiacjoe_overflow_catwalk_spiral,
          minmay_temple_entry_proselytizer, uniq_blork_the_orc, uniq_pikel

Skill      XL: |  1  2  3  4 |
---------------+-------------+-----
Axes           | 3 4 5 |  5.9
Fighting       | |  2.0
Throwing       | |  1.0
Armour         | |  1.1
Dodging        | |  2.1
Spellcasting   | |  2.0
Translocations | |  2.4

Action                   |  1- 3 |  4- 6 || total
-------------------------+-------+-------++-------
Melee: Hand axe          |    85 |    70 ||   155
       Kick              |    22 |    13 ||    35
       Peck              |    11 |     4 ||    15
Throw: Boomerang         |     7 |       ||     7
  Use: Scroll            |     7 |     6 ||    13
       Potion            |       |     3 ||     3
Armor: Leather armour    |    10 |     6 ||    16
       Chain mail        |       |     5 ||     5
Dodge: Dodged            |    35 |    17 ||    52
Block: Other             |       |     5 ||     5

Table legend:
 A = Non-vault XP
 B = Vault XP
 C = Vault XP percentage of total XP
 D = Non-vault monster count
 E = Vault monster count
 F = Vault count percentage of total count
                 A         B        C        D         E       F
            +---------+---------+-------+---------+---------+-------
      Total |     208 |      13 |   5.9 |      67 |      11 |  14.1
            +---------+---------+-------+---------+---------+-------
        D:1 |      46 |      11 |  19.3 |      27 |       9 |  25.0
        D:2 |      62 |       0 |   0.0 |      21 |       0 |   0.0
        D:3 |      30 |       2 |   6.2 |      16 |       2 |  11.1
        D:4 |      70 |       0 |   0.0 |       3 |       0 |   0.0
            +---------+---------+-------+---------+---------+-------
